AoeStats
← duke of downend

Fortress

510422784Analyzed
1v1 RM · 14h ago on Sep 30, 2026· 68m 13s· 2 players
Game mode
Random Map
Map size
Small (3 player)
Population
200
Speed
Normal
Resources
Standard
Victory
Conquest
Starting age
Dark Age
Ending age
Imperial Age
RankedLock teamsTeams togetherTeam positionsShared explorationLock speedFull tech treeHidden civsTurbo modeCheats
Victory
Defeat
🇺🇸 Bulgarians · United States
760
+12
🇬🇧 Khmer · United Kingdom
681
-12
duke of downend
4:51 Loom
9:22 Feudal Age
10:11 Double-Bit Axe
10:28 Horse Collar
14:12 Castle Age
13:34 Wheelbarrow
18:59 Bow Saw
18:55 Heavy Plow
22:44 Man-at-Arms
23:10 Arson
22:45 Pikeman
26:01 Long Swordsman
27:28 Fletching
27:49 Forging
30:33 Imperial Age
31:18 Double Crossbow
31:34 Bodkin Arrow
32:14 Iron Casting
31:15 Two-Handed Swordsman
32:22 Conscription
32:53 Ballistics
33:48 Chemistry
33:25 Bracer
35:59 Blast Furnace
34:59 Scale Mail Armor
37:46 Heavy Scorpion
39:50 Chain Mail Armor
44:16 Murder Holes
44:34 Fortified Wall
44:33 Siege Engineers
45:08 Husbandry
45:22 Bloodlines
44:35 Light Cavalry
46:02 Halberdier
51:46 Hussar
Wikzor
0:50 Loom
7:37 Feudal Age
8:17 Double-Bit Axe
8:21 Horse Collar
8:57 Arson
10:31 Wheelbarrow
11:59 Gold Mining
20:23 Castle Age
18:44 Bloodlines
18:44 Scale Barding Armor
18:40 Scale Mail Armor
18:50 Forging
21:42 Stirrups
22:04 Gambesons
22:20 Squires
22:42 Fletching
26:14 Hand Cart
26:14 Bow Saw
26:07 Heavy Plow
25:58 Light Cavalry
30:14 Bodkin Arrow
31:59 Gold Shaft Mining
33:18 Chain Barding Armor
33:13 Chain Mail Armor
33:34 Iron Casting
33:23 Stone Mining
37:08 Imperial Age
35:42 Stone Shaft Mining
36:03 Husbandry
38:43 Plate Barding Armor
38:40 Plate Mail Armor
39:11 Blast Furnace
38:11 Bracer
38:30 Bagains
38:54 Conscription
39:10 Illumination
39:20 Theocracy
38:44 Hussar
41:10 Redemption
41:12 Fervor
41:53 Pikeman
45:53 Crop Rotation
45:07 Capped Ram
46:10 Siege Ram
46:13 Halberdier
48:39 Town Watch
58:24 Elite Konnik
65:10 Onager
66:15 Siege Engineers
66:32 Ballistics
67:13 Chemistry
66:36 Ballistics
66:22 Elite Konnik
66:47 Siege Onager
Connection lost

Rejoining the realm…

Still unreachable

The connection could not be restored.

Session expired

The server has moved on; the page needs a fresh start.